 Dungeon Crawl Stone Soup version 0.26.0-91-g99b343417d (webtiles) character file.

Game seed: 7396617597479518085

382 Gadfly the Sneak (level 6, -1/34 HPs)
             Began as a Vampire Enchanter on Feb 4, 2021.
             Was an Initiate of Gozag.
             Killed from afar by Eustachio (11 damage)
             ... with a puff of flame
             ... on level 4 of the Dungeon.
             The game lasted 00:08:22 (5100 turns).

Gadfly the Sneak (Vampire Enchanter)                Turns: 5100, Time: 00:08:23

Health: -1/34      AC:  3    Str:  7      XL:     6   Next: 47%
Magic:  3/10       EV: 14    Int: 18      God:    Gozag
Gold:   350        SH:  0    Dex: 15 (16) Spells: 2/11 levels left

rFire    . . .     SeeInvis +   a - +1 dagger
rCold    + + .     Faith    .   (no shield)
rNeg     + + +     Spirit   .   b - +1 robe
rPois    ∞         Reflect  .   (no helmet)
rElec    .         Harm     .   (no cloak)
rCorr    .         Rampage  .   (no gloves)
Will     .....                  (no boots)
Stlth    +++++.....             f - amulet of regeneration
HPRegen  0.00/turn              (no ring)
MPRegen  0.12/turn              (no ring)

@: bloodless
A: fangs 3, see invisible, unbreathing
a: Bat Form, Revivify, Renounce Religion, Potion Petition, Call Merchant, Bribe
Branch


You were on level 4 of the Dungeon.
You worshipped Gozag.
Gozag was aware of your devotion.
You visited 1 branch of the dungeon, and saw 4 of its levels.

You collected 373 gold pieces.
You paid 23 gold pieces to Gozag.

Inventory:

Hand Weapons
 a - a +1 dagger (weapon)
Armour
 b - a +1 robe (worn)
Jewellery
 f - an amulet of regeneration (around neck)
Scrolls
 c - a scroll of remove curse
 g - a scroll of enchant armour
Potions
 d - a potion of curing
 e - a potion of brilliance
 h - a potion of heal wounds
 i - a potion of flight {unknown}
 l - a potion of berserk rage {unknown}
 m - a potion of haste


   Skills:
 + Level 1.4 Fighting
 + Level 2.6 Short Blades
 * Level 3.5 Dodging
 + Level 6.3 Stealth
 * Level 3.0 Spellcasting
 + Level 5.3 Hexes
 * Level 2.2 Evocations


You had 2 spell levels left.
You knew the following spells:

 Your Spells              Type           Power        Failure   Level
a - Corona                Hex            24%          1%          1
b - Ensorcelled Hibernat  Hex/Ice        24%          9%          2
c - Confusing Touch       Hex            22%          5%          3
d - Dazzling Flash        Conj/Hex       24%          16%         3

Your spell library contained the following spells:

 Spells                   Type           Power        Failure   Level
 Tukima's Dance           Hex            22%          5%          3


Dungeon Overview and Level Annotations

Branches:
Dungeon (4/15)
 Temple: D:4-7

Altars:
Fedhas
Gozag
Nemelex Xobeh
Okawaru
Ru
Trog
Uskayaw

Annotations:
D:4 Edmund, Eustachio


Innate Abilities, Weirdness & Mutations

You do not regenerate when monsters are visible.
You are frail without blood (-20% HP).
You can heal yourself when you bite living creatures.
You are immune to poison.
You have razor-sharp teeth.
You have supernaturally acute eyesight. (SInv)
You can survive without breathing.


Message History

The quasit claws you but does no damage.
The quasit misses you.
Eustachio gestures wildly while chanting.
Eustachio casts a spell.
The quasit barely misses you. x2
The quasit claws you but does no damage.
The quasit bites you but does no damage.
The quasit claws you but does no damage.
The quasit misses you.
The quasit bites you but does no damage.
The quasit barely misses you. The quasit closely misses you.
Eustachio gestures wildly while chanting.
The quasit bites you.
* * * LOW HITPOINT WARNING * * *
You feel clumsy. The quasit barely misses you. The quasit misses you.
The quasit disappears in a puff of smoke!
Eustachio zaps a wand.
The puff of flame hits you!
You die...
Your body crumbles into a pile of gold.

#.##.#####...........
#.<#.# #...........
##..#.# #.......##
#...#.## #.......#
#......# #.......#
#P.PPP.# #.......######
#.._PP.# ######........
#.PPPP.#####.?...#######
#...PPP.....@.[...........
###..##.#####..)...#######
##.##..................
#.# ######......###### #.#
##....r## #.. ..........#
###### .###.####.# #.....
#+# #@# #.....
#.#####.....


You could see Eustachio and a river rat (summoned).

Vanquished Creatures
  An ice beast (D:3)
  A bullfrog (D:3)
  Jessica (D:2)
  2 worker ants (D:4)
  6 adders
  2 oozes
  2 worms
  2 dart slugs
  A leopard gecko (D:2)
  4 orcs (D:3)
  A ball python (D:1)
  6 giant cockroaches
  10 goblins
  7 hobgoblins
  6 jackals
  5 kobolds
  A quokka (D:2)
  3 bats
  6 frilled lizards
  9 rats
76 creatures vanquished.

Vanquished Creatures (others)
  4 fungi (D:4)
4 creatures vanquished.

Grand Total: 80 creatures vanquished

Notes
Turn   | Place    | Note
-------+----------+-------------------------------------------
     0 | D:1      | Gadfly the Vampire Enchanter began the quest for the Orb.
     0 | D:1      | Reached XP level 1. HP: 13/13 MP: 3/3
   101 | D:1      | Reached XP level 2. HP: 15/15 MP: 5/5
   227 | D:1      | Learned a level 2 spell: Ensorcelled Hibernation
   238 | D:1      | Reached skill level 5 in Stealth
   754 | D:1      | Reached XP level 3. HP: 13/20 MP: 6/6
  1718 | D:2      | Noticed Jessica
  1954 | D:2      | Killed Jessica
  1955 | D:2      | Reached skill level 1 in Evocations
  1955 | D:2      | Reached XP level 4. HP: 24/24 MP: 2/7
  2707 | D:2      | Found an opulent altar of Gozag.
  2708 | D:2      | Found a sparkling altar of Nemelex Xobeh.
  2716 | D:2      | Became a worshipper of Gozag Ym Sagoz the Greedy
  2965 | D:3      | Learned a level 3 spell: Confusing Touch
  2975 | D:3      | Found a hide-covered altar of Uskayaw.
  2995 | D:3      | Found a bloodstained altar of Trog.
  3336 | D:3      | Reached skill level 1 in Fighting
  3336 | D:3      | Reached XP level 5. HP: 17/29 MP: 6/8
  3822 | D:3      | Noticed an ice beast
  3831 | D:3      | Killed an ice beast
  3832 | D:3      | Reached skill level 6 in Stealth
  3832 | D:3      | Reached skill level 5 in Hexes
  4312 | D:3      | Reached XP level 6. HP: 34/34 MP: 5/10
  4416 | D:3      | Found a sacrificial altar of Ru.
  4417 | D:3      | Found an iron altar of Okawaru.
  4880 | D:3      | Learned a level 3 spell: Dazzling Flash
  4888 | D:4      | Found a blossoming altar of Fedhas.
  5067 | D:4      | Noticed Eustachio
  5076 | D:4      | Noticed Edmund
  5100 | D:4      | Killed from afar by Eustachio

Illustrated notes

Levels and vault maps discovered:
D:1:      onia_arrival_mini_maze, layout_basic, serial_park_tiny_pond,
          st_stairs_2
D:2:      layout_loops_ring, grunt_temple_overflow_opulence,
          mrwooster_statue_mirror, uniq_jessica
D:3:      layout_basic, lemuel_crystal_altar, gammafunk_temple_overflow_pools,
          minmay_misc_feat_ornament, trog_three_pillars_becter
D:4:      layout_basic, marbit_many_paths, fedhas_altar_3, uniq_edmund,
          uniq_grinder, uniq_blork_the_orc, uniq_eustachio

Skill      XL: |  1  2  3  4  5  6 |
---------------+-------------------+-----
Stealth        | 5 6 |  6.3
Short Blades   | 2 |  2.6
Evocations     | 1 2 |  2.2
Fighting       | 1 |  1.4
Dodging        | 3 |  3.5
Hexes          | 5 |  5.3
Spellcasting   | 3 |  3.0

Action                   |  1- 3 |  4- 6 || total
-------------------------+-------+-------++-------
Melee: Dagger            |    96 |   213 ||   309
       Bite              |     4 |    14 ||    18
 Cast: Ensorcelled Hiber |     5 |    19 ||    24
 Abil: Exsanguinate      |     1 |       ||     1
  Use: Scroll            |     4 |     5 ||     9
       Potion            |     1 |     5 ||     6
 Stab: Sleeping          |    20 |    18 ||    38
       Distracted        |       |     2 ||     2
Armor: Robe              |    10 |    34 ||    44
Dodge: Dodged            |    45 |   171 ||   216
